 Dungeon Crawl Stone Soup version 0.29-a0-304-gb34f9e133a (webtiles) character file.

Game seed: 6742468250004023277

4 ogg the Grave Robber (level 1, 0/9 HPs)
             Began as a Vine Stalker Necromancer on Mar 26, 2022.
             Slain by a hobgoblin (2 damage)
             ... on level 1 of the Dungeon.
             The game lasted 00:01:50 (186 turns).

ogg the Grave Robber (Vine Stalker Necromancer)      Turns: 186, Time: 00:01:51

Health: 0/9        AC:  2    Str: 10    XL:     1   Next: 70%
Magic:  0/4        EV: 12    Int: 15    God:
Gold:   3          SH:  0    Dex: 14    Spells: 3/4 levels left

rFire   . . .      SeeInvis .   (no weapon)
rCold   . . .      Faith    .   (no shield)
rNeg    . . .      Spirit   +   a - +0 robe
rPois   .          Reflect  .   (no helmet)
rElec   .          Harm     .   (no cloak)
rCorr   .          Rampage  .   (no gloves)
Will    .....                   (no boots)
Stlth   ++........              (no amulet)
HPRegen 0.03/turn               (no ring)
MPRegen 0.09/turn               (no ring)

@: no status effects
A: fangs 2, magic shield, antimagic bite, no potion heal 2
a: no special abilities


You were on level 1 of the Dungeon.
You visited 1 branch of the dungeon, and saw 1 of its levels.

You collected 3 gold pieces.

Inventory:

Armour
 a - a +0 robe (worn)
Scrolls
 c - a scroll of teleportation {unknown}
Potions
 b - a potion of magic
 d - a potion of flight {unknown}


   Skills:
 + Level 1.5 Dodging
 + Level 2.4 Stealth
 + Level 0.2 Unarmed Combat
 + Level 2.2 Spellcasting
 + Level 4.1 Necromancy


You had 3 spell levels left.
You knew the following spells:

 Your Spells              Type           Power      Damage    Failure   Level
a - Pain                  Necr           56%        1d6       4%          1

Your spell library contained the following spells:

 Spells                   Type           Power      Damage    Failure   Level
 Animate Skeleton         Necr           28%        N/A       4%          1
 Vampiric Draining        Necr           14%        2d7       12%         3
 Animate Dead             Necr           7%         N/A       36%         4
 Agony                    Necr           14%        N/A       73%         5


Dungeon Overview and Level Annotations

Branches:
Dungeon (1/15)

Altars:


Innate Abilities, Weirdness & Mutations

You have extremely sharp teeth.
When hurt, damage is shared between your health and your magic reserves.
Your bite disrupts and absorbs the magic of your enemies.
Potions cannot restore your health.


Message History

The rat attacks as you move away! The rat barely misses you.
The rat attacks as you move away! The rat barely misses you.
The rat attacks as you move away! The rat bites you but does no damage.
You see here 22 stones.
The rat attacks as you move away! The rat barely misses you.
Found a whip.
The rat attacks as you move away! The rat barely misses you.
A kobold comes into view. It is wielding a +0 club.
The kobold throws a stone.
The stone misses you. The rat barely misses you.
You see here a scroll labelled PILIAD JULEUFF.
The rat attacks as you move away! The rat closely misses you.
The kobold throws a stone.
The stone hits you but does no damage. The rat attacks as you move away!
The rat bites you. The rat attacks as you move away!
The rat bites you but does no damage. The rat closely misses you.
The rat attacks as you move away! The rat misses you.
The kobold throws a stone.
The stone misses you. The rat bites you. The rat attacks as you move away!
The rat barely misses you. The rat attacks as you move away!
The rat closely misses you. The rat attacks as you move away!
The rat bites you but does no damage.
A giant cockroach comes into view.
A hobgoblin comes into view.
The hobgoblin hits you but does no damage.
The rat attacks as you move away! The rat barely misses you.
The hobgoblin attacks as you move away! The hobgoblin barely misses you.
Found a stone staircase leading down.
The hobgoblin attacks as you move away! The hobgoblin misses you.
A hobgoblin comes into view.
The hobgoblin shouts!
The hobgoblin attacks as you move away! The hobgoblin completely misses you.
The rat attacks as you move away! The rat misses you.
The hobgoblin completely misses you. The rat attacks as you move away!
The rat barely misses you. The hobgoblin attacks as you move away!
The hobgoblin hits you.
* * * LOW HITPOINT WARNING * * *
The rat twitches its whiskers.
The hobgoblin attacks as you move away! The hobgoblin barely misses you.
The rat barely misses you. The hobgoblin hits you.
You die...

.... ..### #...
#..# # # #..# .
##. #..## #.
..###...## #.#
#.#..rg.#
B.###.K.g@.#
#.#....r..#
#.#.#...##
#.#.#.....#
########.#.###>##.
........K#.. ..# .
######..### ###
#..# ########..##


You could see 2 hobgoblins, a kobold and 2 rats.

Vanquished Creatures
  A dart slug (D:1)
  A hobgoblin (D:1)
  A bat (D:1)
3 creatures vanquished.

Notes
Turn   | Place    | Note
-------+----------+-------------------------------------------
     0 | D:1      | ogg the Vine Stalker Necromancer began the quest for the
                  | Orb.
     0 | D:1      | Reached XP level 1. HP: 9/9 MP: 4/4
   186 | D:1      | Slain by a hobgoblin

Illustrated notes

Levels and vault maps discovered:
D:1:      minmay_arrival_radiant_lines, layout_loops_ring,
          dreamdust_ecumenical_altar_angels_and_demons, supply_closet_lemuel

Action                   || total
-------------------------++-------
Melee: Unarmed           ||     4
       Bite              ||     2
 Cast: Pain              ||     5
Armor: Robe              ||     7
Dodge: Dodged            ||    30

Table legend: (Time is in decaauts)
 A = Elapsed time spent in this place.
 B = Non-inter-level travel time spent in this place.
 C = Inter-level travel time spent in this place.
 D = Time resting spent in this place.
 E = Time spent auto-exploring this place.
 F = Levels seen in this place.
 G = Mean time per level.
                   A        B        C        D        E       F      G
               +--------+--------+--------+--------+--------+-----+--------+
         Total |    186 |    151 |     35 |     74 |      0 |   1 |  186.0 |
       Dungeon |    186 |    151 |     35 |     74 |      0 |   1 |  186.0 |
               +--------+--------+--------+--------+--------+-----+--------+

Top non-repeatable levels by time:
     D:1: 186 daAuts
